 Dungeon Crawl Stone Soup version 0.30-a0-509-gd016549fea (webtiles) character file.

Game seed: 12793995334636261785

15 Vibzy the Conjurer (level 2, 22/22 HPs)
             Began as a Draconian Conjurer on Dec 20, 2022.
             Quit the game on level 1 of the Dungeon on Dec 23, 2022.
             The game lasted 00:07:52 (1263 turns).

Vibzy the Conjurer (Draconian Conjurer)             Turns: 1263, Time: 00:07:52

Health: 22/22      AC:  4    Str:  9    XL:     2   Next: 34%
Magic:  5/5        EV: 12    Int: 18    God:
Gold:   42         SH:  0    Dex:  9    Spells: 2/5 levels left

rFire   . . .      SeeInvis .    e - +0 dagger
rCold   . . .      Faith    .    (no shield)
rNeg    . . .      Spirit   .    (body armour unavailable)
rPois   .          Reflect  .    (helmet restricted)
rElec   .          Harm     .    (no cloak)
rCorr   .          Rampage  .    (no gloves)
Will    .....                    (no boots)
Stlth   ++........               (no amulet)
HPRegen 0.23/turn                (no ring)
MPRegen 0.09/turn                (no ring)

@: no status effects
A: AC +4, unfitting armour, cold-blooded
a: no special abilities


You were on level 1 of the Dungeon.
You visited 1 branch of the dungeon, and saw 1 of its levels.

You collected 42 gold pieces.

Inventory:

Hand Weapons
 c - a +0 club
 e - a +0 dagger (weapon)
Missiles
 b - 11 stones
Scrolls
 d - a scroll of brand weapon {unknown}
Potions
 a - a potion of magic


   Skills:
 + Level 0.4 Fighting
 + Level 1.8 Dodging
 + Level 2.1 Stealth
 + Level 2.1 Spellcasting
 + Level 4.2 Conjurations


You had 2 spell levels left.
You knew the following spells:

 Your Spells              Type           Power      Damage    Failure   Level
a - Magic Dart            Conj           68%        1d6       3%          1
b - Searing Ray           Conj           34%        2d5       4%          2

Your spell library contained the following spells:

 Spells                   Type           Power      Damage    Failure   Level
 Dazzling Flash           Conj/Hex       18%        N/A       22%         3
 Fulminant Prism          Conj/Hex       4%         3d5       58%         4
 Iskenderun's Mystic Bla  Conj/Tloc      9%         2d4       58%         4


Dungeon Overview and Level Annotations

Branches:
Dungeon (1/15)

Altars:


Innate Abilities, Weirdness & Mutations

Your plain brown scales are hard. (AC +4)
You cannot fit into any form of body armour.
You are cold-blooded and may be slowed by cold attacks.


Message History

The bat hits you but does no damage.
Casting: Searing Ray (safe; 4% risk of failure)
Confirm with . or Enter, or press ? or * to list all spells.
You don't have enough magic to cast this spell.
Unknown command.
You barely miss the bat. The bat hits you but does no damage.
The bat closely misses you.
Found a scroll labelled DUIBUDO RUGA.
The bat misses you.
You see here a +0 dagger.
e - a +0 dagger You barely miss the bat.
You tail-slap the bat, but do no damage.
The bat completely misses you.
You barely miss the bat. The bat barely misses you.
The bat hits you but does no damage.
e - a +0 dagger (weapon)
Casting: Searing Ray (safe; 4% risk of failure)
Confirm with . or Enter, or press ? or * to list all spells.
You don't have enough magic to cast this spell.
The bat closely misses you.
You closely miss the bat. The bat misses you.
You hit the bat.
The bat is moderately wounded.
The bat misses you.
Casting: Searing Ray (safe; 4% risk of failure)
Confirm with . or Enter, or press ? or * to list all spells.
Aiming: Searing Ray (safe; 4% risk of failure)
Press: ? - help, Shift-Dir - straight line, f - bat
Aim: a bat (moderately wounded, 66% to hit)
The searing ray hits the bat.
You kill the bat! (Press . to maintain the ray.)
You now have 42 gold pieces (gained 17).
You start resting.
Magic restored.
You start waiting.
Done waiting.
Okay, then.
Unknown command.
Are you sure you want to abandon this character and quit the game? (Confirm with "yes".)

# ###.# .# #.#.#.##.#
.. ... #@.?..... ...
.. #.#.#....
...###.###.#.#.# .
........##.#...#
........##.#...#
#.........#....#.##..#
#........>............
.....................
....##..#..##...>...


There were no monsters in sight!

Vanquished Creatures
  A ball python (D:1)
  An endoplasm (D:1)
  2 giant cockroaches (D:1)
  A goblin (D:1)
  2 hobgoblins (D:1)
  4 bats (D:1)
  A kobold (D:1)
  A rat (D:1)
13 creatures vanquished.

Vanquished Creatures (others)
  A fungus (D:1)
1 creature vanquished.

Grand Total: 14 creatures vanquished

Notes
Turn   | Place    | Note
-------+----------+-------------------------------------------
     0 | D:1      | Vibzy the Draconian Conjurer began the quest for the Orb.
     0 | D:1      | Reached XP level 1. HP: 14/14 MP: 3/3
   344 | D:1      | Upgraded the game from 0.30-a0-475-g03497ec522 to
                  | 0.30-a0-509-gd016549fea
   378 | D:1      | Reached XP level 2. HP: 2/22 MP: 0/5
   904 | D:1      | Learned a level 2 spell: Searing Ray
  1263 | D:1      | Quit the game

Illustrated notes

Levels and vault maps discovered:
D:1:      dpeg_arrival_prison, layout_basic

Skill      XL: |  1 |
---------------+----+-----
Stealth        | 2 |  2.1
Fighting       | |  0.4
Dodging        | |  1.8
Spellcasting   | |  2.1
Conjurations   | |  4.2

Action                   || total
-------------------------++-------
Melee: Unarmed           ||    43
       Tailslap          ||     9
       Dagger            ||     2
 Cast: Magic Dart        ||    14
       Searing Ray       ||     5
Armor: Skin              ||    20
Dodge: Dodged            ||    34

Table legend: (Time is in decaauts)
 A = Elapsed time spent in this place.
 B = Non-inter-level travel time spent in this place.
 C = Inter-level travel time spent in this place.
 D = Time resting spent in this place.
 E = Time spent auto-exploring this place.
 F = Levels seen in this place.
 G = Mean time per level.
                   A        B        C        D        E       F      G
               +--------+--------+--------+--------+--------+-----+--------+
         Total |   1270 |   1270 |      0 |    869 |    195 |   1 | 1270.0 |
       Dungeon |   1270 |   1270 |      0 |    869 |    195 |   1 | 1270.0 |
               +--------+--------+--------+--------+--------+-----+--------+

Top non-repeatable levels by time:
     D:1: 1270 daAuts
